 Dungeon Crawl Stone Soup version 0.31-a0-1388-g4b2ba238e7 (webtiles) character file.

Game seed: 10374159880868305881

455 BigPumpCobain the Ruffian (level 6, 0/81 HPs)
             Began as a Troll Shapeshifter on Dec 25, 2023.
             Slain by a gnoll
             ... wielding a +0 halberd
             ... led by a gnoll bouda
              (11 damage)
             ... on level 4 of the Dungeon.
             The game lasted 00:03:29 (2654 turns).

BigPumpCobain the Ruffian (Troll Shapeshifter)      Turns: 2654, Time: 00:03:30

Health: 0/81       AC: 23    Str: 25    XL:     6   Next: 76%
Magic:  5/5        EV:  1    Int:  6    God:
Gold:   224        SH:  0    Dex:  9    Spells: 5/5 levels left

rFire   . .          .
                       - Unarmed
rCold   . . .        (no shield)
rNeg    . . .        a - melded +0 animal skin
rPois   +            (helmet currently unavailable)
rElec   .            (cloak currently unavailable)
rCorr   .            (gloves unavailable)
SInv    .            (boots unavailable)
Will    +....        (no amulet)
Stlth   +            l - ring of willpower
HPRegen 1.13/turn    (no ring)
MPRegen 0.09/turn

%: no passive effects
@: tree-form
A: stationary, stasis, torment immunity, boosted hp, large, unfitting armour,
(claws 3), regeneration 1, (shaggy fur 1), (tough skin 1)
a: no special abilities


You were on level 4 of the Dungeon.
You were a tree.
You visited 1 branch of the dungeon, and saw 4 of its levels.

You collected 224 gold pieces.

Inventory:

Armour
 a - a +0 animal skin (melded)
Jewellery
 l - a ring of willpower (left branch)
Talismans
 c - a beast talisman
 d - a flux talisman
Scrolls
 e - a scroll of blinking {unknown}
 h - 2 scrolls of immolation {unknown}
 k - a scroll of identify {unknown}
 m - a scroll of poison {unknown}
Potions
 b - a potion of lignification
 f - 2 potions of berserk rage {unknown}
 g - a potion of mutation {unknown}
 i - 2 potions of enlightenment {unknown}
 j - a potion of haste {unknown}
 n - 2 potions of attraction {unknown}
 o - a potion of curing {unknown}


   Skills:
 - Level 0.7 Fighting
 - Level 1.5 Dodging
 + Level 7.7 Unarmed Combat
 - Level 3.0 Shapeshifting


You had 5 spell levels left.
You didn't know any spells.
Your spell library contained the following spells:

 Spells                   Type           Power      Damage    Failure   Level
 Magic Dart               Conj           0%         1d3       45%         1
 Searing Ray              Conj           0%         2d4       58%         2
 Call Canine Familiar     Summ           0%         N/A       83%         3
 Sigil of Binding         Hex            0%         N/A       83%         3
 Dimensional Bullseye     Hex/Tloc       0%         N/A       99%         4
 Fulminant Prism          Conj/Alch      0%         3d5       99%         4


Dungeon Overview and Level Annotations

Branches:
Dungeon (4/15)
 Temple: D:4-7

Altars:
Dithmenos
Xom

Shops:
D:1 :

Annotations:
D:3 2 runed translucent doors


Innate Abilities, Weirdness & Mutations

You are a tree.
Your roots penetrate the ground, keeping you stationary.
You cannot be teleported.
You are immune to unholy pain and torment.
Your maximum health is greatly increased.
Your equipment is partially melded.
You are too large for most types of armour.
((You have claws for hands.))
Your natural rate of healing is unusually fast.
((You are covered in fur. (AC +1)))
((You have tough skin. (AC +1)))


Message History

Your roots penetrate the ground.
The net rips apart!
The sleepcap releases spores at you but does no damage.
The gnoll hits you with a +0 club.
The gnoll hits you from afar with a +0 halberd.
* * * LOW HITPOINT WARNING * * *
You pummel the sleepcap!!
You destroy the sleepcap!
The gnoll hits you from afar with a +0 halberd.
* * * LOW HITPOINT WARNING * * *
The gnoll hits you but does no damage.
You smack the gnoll!
The gnoll is severely wounded.
The gnoll hits you with a +0 club.
* * * LOW HITPOINT WARNING * * *
The gnoll hits you but does no damage. x2
You closely miss the gnoll.
The gnoll is severely wounded.
The gnoll hits you but does no damage. x2; The gnoll hits you with a +0 club.
* * * LOW HITPOINT WARNING * * *
The gnoll hits you but does no damage.
You barely miss the gnoll.
The gnoll is severely wounded.
You pummel the gnoll!!
You kill the gnoll!
The gnoll hits you with a +0 club.
* * * LOW HITPOINT WARNING * * *
The gnoll hits you from afar with a +0 halberd!
* * * LOW HITPOINT WARNING * * *
You aren't carrying any items that you can evoke.
You barely miss the gnoll.
The gnoll hits you but does no damage. x3
You hit the gnoll.
The gnoll is lightly wounded.
The gnoll hits you but does no damage. x2
The gnoll hits you from afar with a +0 halberd.
* * * LOW HITPOINT WARNING * * *
You smack the gnoll!
You kill the gnoll!
The gnoll hits you but does no damage.
The gnoll hits you from afar with a +0 halberd!
You die...

............##.#.##..
........######.#.##..
........##.....#.....
........##.##########
........##.# .
........##.# .
#+#########.# .
#..########.# .
#..)♣g.....# .
##..)####### .
.....#g. ....#.....
(.. #####.. .. ..# ~
... #..


You could see 2 gnolls.

Vanquished Creatures
  A bombardier beetle (D:4)
  3 orc priests
  A gnoll bouda (D:4)
  Jessica (D:2)
  An orc wizard (D:3)
  A sleepcap (D:4)
  Natasha (twice) (D:2)
  5 gnolls
  7 adders
  A white imp (D:4)
  A dart slug (D:2)
  6 orcs
  2 ball pythons
  2 endoplasms
  4 giant cockroaches
  7 goblins
  6 hobgoblins
  2 jackals (D:3)
  2 kobolds
  A quokka (D:2)
  6 bats
  9 frilled lizards
  5 rats
76 creatures vanquished.

Notes
Turn   | Place    | Note
-------+----------+-------------------------------------------
     0 | D:1      | BigPumpCobain the Troll Shapeshifter began the quest for
                  | the Orb.
     0 | D:1      | Reached XP level 1. HP: 18/18 MP: 0/0
   100 | D:1      | Reached XP level 2. HP: 26/26 MP: 1/1
   261 | D:1      | Found Wuir's Book Emporium.
   390 | D:1      | Reached skill level 4 in Unarmed Combat
   805 | D:2      | Reached XP level 3. HP: 28/32 MP: 2/2
   827 | D:2      | Noticed Natasha
   832 | D:2      | Killed Natasha
   845 | D:2      | Reached XP level 4. HP: 40/40 MP: 3/3
   854 | D:2      | Noticed Jessica
   856 | D:2      | Reached skill level 5 in Unarmed Combat
   867 | D:2      | Killed Jessica
   973 | D:2      | Reached XP level 5. HP: 28/46 MP: 4/4
  1188 | D:2      | Noticed Natasha
  1193 | D:2      | Killed Natasha
  1194 | D:2      | Reached skill level 6 in Unarmed Combat
  1657 | D:3      | Found a shadowy altar of Dithmenos.
  1699 | D:3      | Found a large runed translucent door.
  1699 | D:3      | Found a large runed translucent door.
  2009 | D:3      | Found a shimmering altar of Xom.
  2513 | D:4      | Reached XP level 6. HP: 54/54 MP: 5/5
  2585 | D:4      | Reached skill level 7 in Unarmed Combat
  2654 | D:4      | Slain by a gnoll

Illustrated notes

Levels and vault maps discovered:
D:1:      kennysheep_arrival_seaside, layout_loops_ring, serial_shops,
          nicolae_shop_peninsula, minmay_tromino_v2
D:2:      layout_basic, minmay_circled_x, uniq_natasha, uniq_jessica
D:3:      due_chaos_kobolds, layout_basic, grunt_dithmenos_smoke_and_mirrors,
          minmay_crystal_water
D:4:      cheibrodos_helix_gallery, layout_basic, uniq_grinder

Skill      XL: |  1  2  3  4  5  6 |
---------------+-------------------+-----
Unarmed Combat | 4 5 6 7 |  7.7
Fighting       | |  0.7
Dodging        | |  1.5
Shapeshifting  | |  3.0

Action                     |  1- 3 |  4- 6 || total
---------------------------+-------+-------++-------
  Melee: Unarmed           |    55 |   111 ||   166
         Punch             |       |     1 ||     1
    Use: Potion            |       |     2 ||     2
 Armour: Animal skin       |    41 |    56 ||    97
         Skin              |       |    40 ||    40
  Dodge: Dodged            |    18 |    29 ||    47

Table legend: (Time is in decaauts)
 A = Elapsed time spent in this place.
 B = Non-inter-level travel time spent in this place.
 C = Inter-level travel time spent in this place.
 D = Time resting spent in this place.
 E = Time spent auto-exploring this place.
 F = Levels seen in this place.
 G = Mean time per level.
                   A        B        C        D        E       F      G
               +--------+--------+--------+--------+--------+-----+--------+
         Total |   2635 |   2520 |    115 |     41 |   2100 |   4 |  658.8 |
       Dungeon |   2635 |   2520 |    115 |     41 |   2100 |   4 |  658.8 |
               +--------+--------+--------+--------+--------+-----+--------+

Top non-repeatable levels by time:
     D:2: 825 daAuts
     D:3: 808 daAuts
     D:1: 781 daAuts
     D:4: 220 daAuts
